 Seeded DCSS version 0.31-a0-564-g3b7de120b3 (webtiles) character file.

Game seed: 16161720884980326079 (custom seed)

174 innerfire43 the Insei (level 5, -1/35 HPs)
             Began as a Djinni Shapeshifter on Aug 17, 2023.
             Was a Follower of Ru.
             Slain by an orc
             ... wielding a +0 flail
              (5 damage)
             ... on level 3 of the Dungeon.
             The game lasted 00:05:26 (2126 turns).

innerfire43 the Insei (Djinni Shapeshifter)         Turns: 2126, Time: 00:05:26

Health: -1/35      AC:  2    Str: 14    XL:     5   Next: 84%
Gold:   112        EV: 12    Int: 10    God:    Ru [*.....] SH:  0 Dex: 15

rFire   + +          .
                       - Unarmed
rCold   x . .        (no shield)
rNeg    . . .        p - +0 robe
rPois   ∞            (helmet currently unavailable)
rElec   .            (cloak currently unavailable)
rCorr   .            (gloves currently unavailable)
SInv    .            (boots unavailable)
Will    .....        k - amulet of faith
Stlth   +            (no ring)
HPRegen 0.25/turn    (no ring)
MPRegen 0.00/turn

%: faith, infuse magic (-2 HP)
@: beast-form, flying
A: beast (slay +2), flying, sickness immunity, fire resistance 2, frail 1, cold
vulnerability 1, float, innate caster, HP casting, extra vitality 1
a: Begin Untransformation, Renounce Religion


You were on level 3 of the Dungeon.
You worshipped Ru.
Ru was aware of your devotion.
You were a hulking beast.
You visited 1 branch of the dungeon, and saw 3 of its levels.

You collected 112 gold pieces.

Inventory:

Hand Weapons
 q - a +4 club
Missiles
 o - a throwing net
Armour
 a - a +0 animal skin
 f - a +1 cloak
 g - a +0 helmet
 n - a +0 scale mail
 p - a +0 robe (worn)
 r - the +2 helmet "Paunutas" {rC- Will++ Dex+4 SInv}
   (You took it off Robin on level 2 of the Dungeon)

   Dex+4:     It affects your dexterity (+4).
   rC-:       It makes you vulnerable to cold.
   Will++:    It greatly increases your willpower.
   SInv:      It lets you see invisible.
Jewellery
 k - an amulet of faith (around neck)
Talismans
 c - a beast talisman (active)
 d - a flux talisman
Scrolls
 e - a scroll of brand weapon {unknown}
 h - 2 scrolls of silence {unknown}
 m - a scroll of fog {unknown}
 s - a scroll of identify {unknown}
Potions
 b - a potion of lignification
 i - a potion of haste {unknown}
 j - a potion of ambrosia {unknown}
 l - a potion of attraction {unknown}
 t - a potion of curing {unknown}


   Skills:
 - Level 2.4 Fighting
 - Level 2.1 Dodging
 + Level 4.0 Unarmed Combat
 * Level 3.9 Shapeshifting


You knew the following spells:

 Your Spells              Type           Power      Damage    Failure   Level
a - Magic Dart            Conj           0%         1d3       36%         1
b - Searing Ray           Conj           0%         2d4       50%         2
Your spell library was empty.

Dungeon Overview and Level Annotations

Branches:
Dungeon (3/15)

Altars:
Ru


Innate Abilities, Weirdness & Mutations

You are a hulking beast.
Your limbs bulge with bestial killing power. (Slay +2)
You are flying.
You are immune to sickness and miasma.
You are immune to poison.
Your flesh is very heat resistant. (rF++)
You are frail. (-10% HP)
You are vulnerable to cold. (rC-)
You float through the air rather than walking.
You learn spells naturally, not from books.
Your magical power is your life essence.
You have superior vitality. (+4 MHP)


Message History

You redirect the orc's attack!
The orc hits the orc with a +1 dagger of venom.
The orc is poisoned.
There are monsters nearby!
You hit the orc.
The orc is severely wounded.
The orc dies!
The orc hits you from afar with a +0 trident!
The orc hits you with a +1 dagger of venom.
There are monsters nearby!
You hit the orc.
The orc is almost dead.
The orc closely misses you. x2
There are monsters nearby!
You hit the orc but do no damage.
The orc is almost dead.
The orc hits you from afar with a +0 trident!
The orc hits you with a +1 dagger of venom.
There are monsters nearby!
You are too injured to fight recklessly!
There are monsters nearby!
You are too injured to fight recklessly!
Unknown command.
You hit the orc but do no damage.
The orc is almost dead.
The orc misses you. x2
You punch the orc!
You kill the orc!
The orc hits you but does no damage.
Unknown command.
You hit the orc.
The orc is heavily wounded.
The orc hits you from afar with a +0 trident.
* * * LOW HITPOINT WARNING * * *
The orc hits you with a +0 flail.
* * * LOW HITPOINT WARNING * * *
You hit the orc.
The orc is almost dead.
The orc hits you with a +0 flail.
You die...

## #.......##....<. #.
# #.#
######.......#..... #
#.# ###.##..#...#...
### #.######## ....#
#....##.##
..#####.#......# .####
##.....
#.......#......##.# ..#
##..###........#o)
...####........#o# .
........###..###h##...#
..#####.<...........#
..# ######.###.#### ..#
#.# ..# ..# #.# .## ..#
#...# ..# ###. ## ..


You could see 2 orcs.

Vanquished Creatures
  Crazy Yiuf (D:2)
  Jessica (D:2)
  Terence (D:2)
  Robin (D:2)
  3 adders (D:2)
  3 worms (D:2)
  A dart slug (D:1)
  An orc (D:3)
  2 endoplasms
  A giant cockroach (D:2)
  13 goblins (D:2)
  7 hobgoblins
  6 kobolds
  A quokka (D:1)
  A ball python (D:2)
  3 frilled lizards
  2 rats (D:2)
48 creatures vanquished.

Vanquished Creatures (others)
  An orc (D:3)
1 creature vanquished.

Grand Total: 49 creatures vanquished

Notes
Turn   | Place    | Note
-------+----------+-------------------------------------------
     0 | D:1      | innerfire43 the Djinni Shapeshifter began the quest for the
                  | Orb.
     0 | D:1      | Reached XP level 1. HP: 17/17 MP: 0/0
   135 | D:1      | Found a faded altar of an unknown god.
   211 | D:1      | Reached XP level 2. HP: 15/22 MP: 0/0
   696 | D:2      | Reached XP level 3. HP: 19/27 MP: 0/0
   696 | D:2      | Learned a level 1 spell: Magic Dart
   799 | D:2      | Noticed Terence
   868 | D:2      | Killed Terence
   869 | D:2      | Reached XP level 4. HP: 24/33 MP: 0/0
  1065 | D:2      | Noticed Jessica
  1072 | D:2      | Killed Jessica
  1073 | D:2      | Reached XP level 5. HP: 29/38 MP: 0/0
  1073 | D:2      | Learned a level 2 spell: Searing Ray
  1136 | D:2      | Identified the +2 helmet "Paunutas" {rC- Will++ Dex+4 SInv}
  1136 | D:2      | Noticed Robin
  1296 | D:2      | Killed Robin
  1511 | D:2      | Found a runed translucent door.
  1512 | D:2      | Noticed Crazy Yiuf
  1679 | D:2      | Killed Crazy Yiuf
  1680 | D:2      | Reached skill level 4 in Unarmed Combat
  1916 | D:1      | Prayed at the altar of an unknown god.
  1916 | D:1      | Became a worshipper of Ru the Awakened
  1923 | D:1      | Gained mutation: You are frail. (-10% HP) [Ru sacrifice]
  1923 | D:1      | Reached * piety under Ru
  2126 | D:3      | Slain by an orc

Illustrated notes

Levels and vault maps discovered:
D:1:      nzn_arrival_settlement, layout_rooms,
          shapermc_ecumenical_altar_starsandcircs
D:2:      layout_basic, feat_on_display, uniq_jessica, uniq_robin,
          uniq_crazy_yiuf_cottage, uniq_terence
D:3:      layout_rooms, interstate_on_off, guppyfry_early_orc_mine

Skill      XL: |  1  2  3  4  5 |
---------------+----------------+-----
Shapeshifting  | 3 |  3.9
Fighting       | 2 |  2.4
Unarmed Combat | 4 |  4.0
Dodging        | |  2.1

Action                     |  1- 3 |  4- 6 || total
---------------------------+-------+-------++-------
  Melee: Unarmed           |    59 |    99 ||   158
         Punch             |     1 |     2 ||     3
 Invoke: Sacrifice Health  |       |     1 ||     1
    Use: Potion            |       |     1 ||     1
   Stab: Sleeping          |       |     1 ||     1
 Armour: Animal skin       |     5 |       ||     5
         Scale mail        |       |    10 ||    10
         Robe              |       |     5 ||     5
  Dodge: Dodged            |    36 |    45 ||    81

Table legend: (Time is in decaauts)
 A = Elapsed time spent in this place.
 B = Non-inter-level travel time spent in this place.
 C = Inter-level travel time spent in this place.
 D = Time resting spent in this place.
 E = Time spent auto-exploring this place.
 F = Levels seen in this place.
 G = Mean time per level.
                   A        B        C        D        E       F      G
               +--------+--------+--------+--------+--------+-----+--------+
         Total |   2124 |   1928 |    196 |      0 |   1402 |   3 |  708.0 |
       Dungeon |   2124 |   1928 |    196 |      0 |   1402 |   3 |  708.0 |
               +--------+--------+--------+--------+--------+-----+--------+

Top non-repeatable levels by time:
     D:2: 1103 daAuts
     D:1: 733 daAuts
     D:3: 287 daAuts
